 Dungeon Crawl Stone Soup version 0.31-a0-164-g2312942fda (webtiles) character file.

Game seed: 10301406884049497421

116 qw the Shooter (level 5, -2/32 HPs)
             Began as a Gargoyle Hunter on June 13, 2023.
             Killed from afar by an orc wizard (8 damage)
             ... with a magic dart
             ... on level 3 of the Dungeon.
             The game lasted 00:00:43 (1422 turns).

qw the Shooter (Gargoyle Hunter)                    Turns: 1422, Time: 00:00:44

Health: -2/32      AC:  9    Str: 14    XL:     5   Next: 1%
Magic:  5/5        EV: 10    Int: 10    God:
Gold:   108        SH:  0    Dex: 15    Spells: 4/4 levels left

rFire   . . .        Y - +0 shortbow
rCold   . . .        (shield currently unavailable)
rNeg    + . .        f - +0 ring mail
rPois   inf          (no helmet)
rElec   +            (no cloak)
rCorr   .            (no gloves)
SInv    .            (no boots)
Will    .....        (no amulet) Stlth
                     (no ring)
HPRegen 0.25/turn    (no ring)
MPRegen 0.09/turn

%: no passive effects
@: confused
A: sickness immunity, AC +4, negative energy resistance 1, electricity
resistance, torment resistance 1, petrification resistance
a: no special abilities


You were on level 3 of the Dungeon.
You visited 1 branch of the dungeon, and saw 3 of its levels.

You collected 108 gold pieces.


Innate Abilities, Weirdness & Mutations

You are immune to sickness and miasma.
Your stone body is resilient. (AC +4)
You are immune to poison.
You resist negative energy. (rN+)
You are resistant to electric shocks. (rElec)
You are resistant to unholy torment.
You are immune to petrification.


   Skills:
 - Level 3.4 Fighting
 + Level 5.4 Ranged Weapons
 - Level 1.2 Armour
 - Level 1.5 Dodging
 - Level 1.1 Stealth


You had 4 spell levels left.
You didn't know any spells.
Your spell library was empty.

Inventory:

Hand Weapons
 Y - a +0 shortbow (weapon)
Armour
 f - a +0 ring mail (worn)
Scrolls
 d - a scroll of identify
Potions
 a - a potion of degeneration {unknown}
 b - a potion of invisibility {unknown}
 c - a potion of enlightenment {unknown}
 h - a potion of curing {unknown}

Dungeon Overview and Level Annotations

Branches:
Dungeon (3/15)

Altars:


Message History

Something hits you but does no damage. The orc closely misses you.
The orc barely misses you.
You shoot an arrow. The arrow hits the orc.
The orc is moderately wounded.
The orc hits you but does no damage. Something hits you but does no damage.
The orc closely misses you.
You shoot an arrow.
The arrow hits the orc but does no damage.
The orc is moderately wounded.
The orc hits you with a +0 club. Something hits you but does no damage.
The orc hits you with a +0 dagger.
You shoot an arrow.
The arrow hits the orc but does no damage.
The orc is moderately wounded.
Something hits you. The orc hits you but does no damage.
The orc closely misses you. The orc hits you but does no damage.
The orc barely misses you. Something hits you but does no damage.
You shoot an arrow. The arrow hits the orc.
The orc is almost dead.
The orc closely misses you. Something hits you.
The orc hits you but does no damage.
You shoot an arrow. The arrow barely misses the orc.
The orc hits you but does no damage.
You hear some strange, mumbled words.
A puff of flame appears from out of thin air!
The puff of flame hits you! The orc hits you but does no damage.
You shoot an arrow. The arrow hits the orc!
You kill the orc!
The orc hits you but does no damage. Something hits you but does no damage.
You have reached level 5!
You shoot an arrow. The arrow hits the orc.
The orc is severely wounded.
You hear some strange, mumbled words.
You are confused.
The orc hits you but does no damage. x2; Something hits you but does no damage.
The orc hits you but does no damage. Something hits you but does no damage.
You hear some strange, mumbled words.
A magic dart appears from out of thin air!
The magic dart hits you!
You die...

.. # ...##.
#.....###
#.....##
#.<.##
#####...#
.........###
#####......##
#.####@.# #.
#.o{).....#
..
#.........#
###
#.........#
#.........#
#.........#
......>...#
+#.#.......#


You could see an orc.

Vanquished Creatures
  Terence (D:2)
  4 adders
  A worm (D:2)
  2 dart slugs (D:2)
  2 orcs (D:3)
  5 endoplasms
  A giant cockroach (D:2)
  4 goblins
  2 hobgoblins
  2 jackals (D:2)
  2 quokkas
  4 ball pythons
  5 bats
  6 kobolds
  6 rats (D:1)
47 creatures vanquished.

Notes
Turn   | Place    | Note
-------+----------+-------------------------------------------
     0 | D:1      | qw the Gargoyle Hunter began the quest for the Orb.
     0 | D:1      | Reached XP level 1. HP: 12/12 MP: 1/1
     0 | D:1      | 0 ||| qw: Version: 0.2-a-29-gc1b59c4
     0 | D:1      | 0 ||| qw: Game counter: 4509
     0 | D:1      | 0 ||| qw: Always use a shield: true
     0 | D:1      | 0 ||| qw: God list: Okawaru
     0 | D:1      | 0 ||| qw: Allow faded altars: false
     0 | D:1      | 0 ||| qw: Do Orc after D:15 true
     0 | D:1      | 0 ||| qw: Do second Lair branch before Depths: true
     0 | D:1      | 0 ||| qw: Lair rune preference: random
     0 | D:1      | 0 ||| qw: Plans: Normal, Zot:1-4, Slime:5, God:TSO, Crypt,
                  | Tomb, Abyss, Pan, Hells, Win
     0 | D:1      | 0 ||| PLANNING D:1-11
   213 | D:1      | Reached XP level 2. HP: 16/17 MP: 2/2
   725 | D:1      | 725 ||| UPGRADING to +0 ring mail.
   735 | D:1      | 735 ||| DROPPING +0 leather armour.
   736 | D:1      | 736 ||| READING scroll labelled OFFO WAASI.
   737 | D:1      | 737 ||| READING scroll labelled UGIJES QOMA.
   738 | D:1      | 738 ||| READING scroll labelled CIDACL ULOHOU.
   739 | D:1      | 739 ||| DROPPING scroll of butterflies.
   756 | D:2      | 756 ||| STAIRDANCE
   790 | D:2      | 790 ||| STAIRDANCE
   804 | D:1      | Reached skill level 1 in Armour
   804 | D:1      | Reached XP level 3. HP: 15/21 MP: 3/3
   862 | D:2      | Reached skill level 5 in Ranged Weapons
   907 | D:2      | Reached XP level 4. HP: 27/27 MP: 4/4
  1011 | D:2      | Noticed Terence
  1029 | D:2      | Killed Terence
  1030 | D:2      | Reached skill level 3 in Fighting
  1130 | D:2      | 1130 ||| Stepping ~*~*~tactically~*~*~ (water).
  1162 | D:2      | 1162 ||| READING scroll labelled GUNIUC FEAQY.
  1163 | D:2      | 1163 ||| FLEEEEING.
  1167 | D:2      | 1167 ||| Stepping ~*~*~tactically~*~*~ (water).
  1418 | D:3      | HP: 4/28 [something/puff of flame (10)]
  1420 | D:3      | Reached XP level 5. HP: 5/32 MP: 5/5
  1422 | D:3      | Killed from afar by an orc wizard

Levels and vault maps discovered:
D:1:      nzn_arrival_settlement, layout_loops_ring
D:2:      layout_basic, serial_bayou_lagoon_b, uniq_terence
D:3:      layout_rooms, old_standard_altar, minmay_mini_jars, uniq_grinder

Skill      XL: |  1  2  3  4 |
---------------+-------------+-----
Armour         | 1 |  1.2
Ranged Weapons | 5 |  5.4
Fighting       | 3 |  3.4
Dodging        | |  1.5
Stealth        | |  1.1

Action                     |  1- 3 |  4- 6 || total
---------------------------+-------+-------++-------
   Fire: Shortbow          |    93 |    81 ||   174
    Use: Scroll            |     3 |     1 ||     4
 Armour: Leather armour    |    14 |       ||    14
         Ring mail         |    10 |    64 ||    74
  Dodge: Dodged            |    31 |    33 ||    64

Table legend:
 A = Non-vault XP
 B = Vault XP
 C = Vault XP percentage of total XP
 D = Non-vault monster count
 E = Vault monster count
 F = Vault count percentage of total count
                 A         B        C        D         E       F
            +---------+---------+-------+---------+---------+-------
      Total |     131 |      36 |  21.6 |      46 |       1 |   2.1
            +---------+---------+-------+---------+---------+-------
        D:1 |      45 |       0 |   0.0 |      22 |       0 |   0.0
        D:2 |      65 |      36 |  35.6 |      20 |       1 |   4.8
        D:3 |      21 |       0 |   0.0 |       4 |       0 |   0.0
            +---------+---------+-------+---------+---------+-------
